 Dungeon Crawl Stone Soup version 0.20-a0-435-ga4f17a0 (webtiles) character file.

93 Idiomancer the Chopper (level 4, -2/41 HPs)
             Began as a Minotaur Berserker on Mar 4, 2017.
             Was a Believer of Trog.
             Slain by a goblin (5 damage)
             ... led by Robin
             ... on level 3 of the Dungeon.
             The game lasted 00:03:46 (1558 turns).

Idiomancer the Chopper (Minotaur Berserker)         Turns: 1558, Time: 00:03:47

Health: -2/41      AC:  3    Str: 21    XL:     4   Next: 37%
Magic:  3/3        EV: 12    Int:  4    God:    Trog [**....]
Gold:   82         SH:  0    Dex: 11    Spells: 3/3 levels left

rFire  . . .     SeeInvis .     a - +0 hand axe
rCold  + . .     Gourm    .     m - +0 leather armour {rC+}
rNeg   . . .     Faith    .     (no shield)
rPois  .         Spirit   .     (helmet restricted)
rElec  .         Reflect  .     (no cloak)
rCorr  .         Harm     .     (no gloves)
MR     .....                    (no boots)
Stlth  ++........               (no amulet)
                                (no ring)
                                i - ring of stealth

@: no status effects
A: retaliatory headbutt, horns 2
a: Berserk, Trog's Hand, Burn Spellbooks, Renounce Religion


You were on level 3 of the Dungeon.
You worshipped Trog.
Trog was pleased with you.
You were not hungry.

You visited 1 branch of the dungeon, and saw 3 of its levels.

You collected 82 gold pieces.

Inventory:

Hand Weapons
 a - a +0 hand axe (weapon)
Armour
 m - a +0 leather armour of cold resistance (worn)
Jewellery
 i - a ring of stealth (left hand)
Wands
 j - a wand of paralysis (14/24)
Scrolls
 e - 2 scrolls of identify {unknown}
 h - a scroll of fog {unknown}
 l - a scroll of remove curse {unknown}
 n - a scroll of teleportation {unknown}
Potions
 b - a potion of cancellation {unknown}
 d - a potion of brilliance {unknown}
 f - 2 potions of beneficial mutation {unknown}
 g - a potion of curing {unknown}
Comestibles
 c - a bread ration
 k - 3 beef jerkies
 o - 3 chunks of flesh


   Skills:
 + Level 4.6 Fighting
 + Level 4.6 Axes
 + Level 3.8 Armour
 - Level 2.1 Dodging


You had 3 spell levels left.
You didn't know any spells.

Dungeon Overview and Level Annotations

Branches:
Dungeon (3/15)

Altars:

Annotations:
D:3 Grinder, Robin


Innate Abilities, Weirdness & Mutations

You reflexively headbutt those who attack you in melee.
You have a pair of horns on your head.


Message History

You completely miss the goblin. You hit Robin.
You hit the hobgoblin but do no damage. You hit the goblin. x2
You kill the goblin!
Trog accepts your kill. Robin hits you but does no damage.
Grinder blinks!
The goblin barely misses you. The hobgoblin hits you with a club!
* * * LOW HITPOINT WARNING * * *
You barely miss the goblin. Your headbutt misses the goblin. You hit Robin.
You hit the hobgoblin but do no damage. You hit the hobgoblin.
You hit the goblin.
You kill the goblin!
Trog accepts your kill. Robin throws the goblin at you! The goblin hits you.
* * * LOW HITPOINT WARNING * * *
The hobgoblin closely misses you. The hobgoblin hits you with a club.
* * * LOW HITPOINT WARNING * * *
You closely miss the hobgoblin. Your headbutt misses the hobgoblin.
You hit the goblin.
You hit the hobgoblin. x2; You hit Robin but do no damage.
Robin closely misses you. The goblin hits you.
You die...

.......
.......###
..........
.......ยง.
.........
........#
........#
......gg#
####.5g@#
#..gg#
#....#
######


You could see Grinder, Robin, 3 hobgoblins and a goblin.

Vanquished Creatures
  3 adders (D:2)
  An ooze (D:1)
  2 dart slugs (D:1)
  3 giant cockroaches
  12 goblins
  6 hobgoblins
  6 jackals
  3 kobolds (D:1)
  A quokka (D:2)
  A ball python (D:2)
  4 bats
  2 frilled lizards
  7 rats
51 creatures vanquished.

Notes
Turn   | Place    | Note
-------+----------+-------------------------------------------
     0 | D:1      | Idiomancer the Minotaur Berserker began the quest for the Orb.
     0 | D:1      | Reached XP level 1. HP: 19/19 MP: 0/0
   119 | D:1      | Reached XP level 2. HP: 21/27 MP: 1/1
   544 | D:1      | Reached XP level 3. HP: 28/33 MP: 2/2
   707 | D:1      | Reached ** piety under Trog
  1070 | D:2      | Reached XP level 4. HP: 35/41 MP: 3/3
  1546 | D:3      | Noticed Robin
  1546 | D:3      | Noticed Grinder
  1547 | D:3      | Paralysed by Grinder for 6 turns
  1557 | D:3      | HP: 2/41 [hobgoblin/club[Robin] (2)]
  1558 | D:3      | Slain by a goblin

Vault maps used:
D:1:      wheals_arrival_linesprint
D:2:      nrook_mini_backslash, grunt_ministairs_1
D:3:      kiku_gazebo_garden_becter, first_bread, okawaru_altar_gauntlet_db,
          uniq_robin, uniq_grinder

Skill      XL: |  1  2 |
---------------+-------+-----
Axes           | 4 |  4.6
Fighting       | 4 |  4.6
Armour         | 3 |  3.8
Dodging        | |  2.1

Action                   |  1- 3 |  4- 6 || total
-------------------------+-------+-------++-------
Melee: Hand axe          |    62 |    14 ||    76
       Headbutt          |    11 |     1 ||    12
 Stab: Sleeping          |     2 |     2 ||     4
  Eat: Chunk             |       |     2 ||     2
Armor: Animal skin       |    10 |       ||    10
       Leather armour    |     6 |     7 ||    13
Dodge: Dodged            |    43 |    11 ||    54
